 Dungeon Crawl Stone Soup version 0.17-a0-1802-g9847487 (webtiles) character file.

96448 Leibowitz the Cleaver (level 15, 0/201 HPs)
             Began as a Demonspawn Gladiator on Sept 11, 2015.
             Was the Champion of Trog.
             Slain by an ettin
             ... wielding a +0 dire flail
              (32 damage)
             ... on level 15 of the Dungeon.
             The game lasted 01:40:16 (28280 turns).

Leibowitz the Cleaver (Demonspawn Gladiator)       Turns: 28280, Time: 01:40:16

Health: 0/201      AC: 20    Str: 23    XL:     15   Next: 69%
Magic:  16/16      EV: 17    Int:  9    God:    Trog [******]
Gold:   3042       SH:  0    Dex: 12    Spells: 0 memorised, 14 levels left

rFire  + . .     SeeInvis .     a - +2 broad axe (freeze)
rCold  . . .     Clarity  .     e - +0 ring mail {rPois}
rNeg   + + .     SustAt   .     (no shield)
rPois  +         Gourm    .     m - +2 hat
rElec  +         Spirit   .     K - +0 cloak
rCorr  .         Warding  .     (gloves unavailable)
rMut   .         Rnd*Tele +     (no boots)
MR     ++++.                    Q - amulet of rage
Stlth  ..........               V - ring "Puec" {+Fly rElec rN+ MR+ Str-3}
                                N - +6 ring of slaying

@: berserking, regenerating, very quick, incredibly resistant to hostile
enchantments, extremely unstealthy
A: claws 3, rough black scales 3, fire resistance 1, negative energy resistance
1, nightstalker 2, robust 1, spiny 3, teleportitis 1, MP-powered wands
a: Burn Spellbooks, Berserk, Trog's Hand, Brothers in Arms, Renounce Religion,
Evoke Berserk Rage, Evoke Flight


You were on level 15 of the Dungeon.
You worshipped Trog.
Trog was exalted by your worship.
You were not hungry.

You visited 3 branches of the dungeon, and saw 27 of its levels.
You also visited: Labyrinth and Sewer.

You collected 3042 gold pieces.

Inventory:

Hand weapons
 a - a +2 broad axe of freezing (weapon)
 n - a +2 battleaxe of flaming
 x - a +3 antimagic battleaxe
 B - a +2 executioner's axe of freezing
Missiles
 d - 5 throwing nets (quivered)
Armour
 e - a +0 ring mail of poison resistance (worn)
 m - a +2 hat (worn)
 F - the +2 robe of Juubidusy {+Blink MR+}
   (You found it on level 9 of the Dungeon)

   It affects your resistance to hostile enchantments.
   It lets you blink.
 K - a +0 cloak (worn)
 Y - a +1 plate armour of magic resistance
Jewellery
 j - an uncursed amulet of stasis
 t - an uncursed ring of positive energy
 u - a +4 ring of strength
 v - an uncursed ring of ice
 y - an uncursed ring of positive energy
 C - an uncursed ring of protection from cold
 N - a +6 ring of slaying (left claw)
 Q - an amulet of rage (around neck)
 V - the ring "Puec" (right claw) {+Fly rElec rN+ MR+ Str-3}
   (You found it in a labyrinth)

   [ring of flight]

   It affects your strength (-3).
   It insulates you from electricity.
   It protects you from negative energy.
   It affects your resistance to hostile enchantments.
   It lets you fly.
Magical devices
 D - a wand of invisibility (5)
 R - a wand of digging (12)
Scrolls
 f - 12 scrolls of teleportation
 g - 16 scrolls of identify
 h - 2 scrolls of fog
 o - 3 scrolls of recharging
 A - a scroll of brand weapon
 E - 6 scrolls of fear
 I - 5 scrolls of magic mapping
 L - 3 scrolls of enchant weapon
 M - 7 scrolls of remove curse
Potions
 c - 2 potions of heal wounds
 i - a potion of ambrosia
 k - 7 potions of flight
 l - 3 potions of might
 p - a potion of resistance
 q - 2 potions of haste
 r - 6 potions of curing
 z - a potion of magic
 G - 2 potions of cancellation
 H - a potion of invisibility
 P - a potion of cure mutation
 S - 5 potions of brilliance
 U - a potion of lignification
Comestibles
 b - 2 bread rations
 w - a meat ration


   Skills:
 + Level 12.5 Fighting
 * Level 14.1(14.2) Axes
   Level 2.4(9.8) Maces & Flails
 + Level 2.1 Throwing
 + Level 9.1 Armour
 + Level 12.4 Dodging
 + Level 11.5 Stealth
 + Level 2.1 Unarmed Combat
 + Level 2.4 Evocations


You had 14 spell levels left.
You didn't know any spells.

Dungeon Overview and Level Annotations

Branches:
Dungeon (15/15)            Temple (0/1) D:6            Lair (8/8) D:10
  Swamp (0/4) Lair:6        Snake (0/4) Lair:6        Slime (0/6) Lair:8
    Orc (4/4) D:12            Elf (0/3) Orc:4        Vaults (0/5) D:13
 Depths (0/5) D:15

Altars:
Ashenzari
Dithmenos
Elyvilon
Gozag
Kikubaaqudgha
Nemelex Xobeh
Qazlal
Ru
Trog
Vehumet
Xom
Yredelemnul
Zin
Jiyva

Shops:
D:4 *   D:9 !   Orc:4 (*[:[


Innate Abilities, Weirdness & Mutations

You have claws for hands.
You are completely covered in rough black scales (AC +10, Dex -3).
You resist negative energy.
You are significantly more attuned to the shadows.
You are completely covered in sharp spines.
Your flesh is heat resistant.
You are robust (+10% HP).
You are occasionally teleported to nearby monsters.
You expend magic power (3 MP) to strengthen your wands.


Message History

The ettin misses you.
Use which ability?
Your skin crawls.
You feel resistant to hostile enchantments.
You feel slightly more hungry. The ettin misses you.
The ettin hits you with a dire flail!
* * * LOW HITPOINT WARNING * * *
Use which ability?
You're too hungry to go berserk.
Eat which item? (? for menu, Esc to quit)
The ettin is struck by your spines. The ettin completely misses you.
The ettin hits you with a dire flail!
* * * LOW HITPOINT WARNING * * *
That beef jerky was jerk-a-riffic!
Use which ability?
A red film seems to cover your vision as you go berserk!
You feel yourself moving faster!
You feel mighty!
You feel somewhat more hungry. The ettin is struck by your spines.
The ettin hits you with a dire flail!!
You die...

####.### #
#>..#..
##.#.....#
..#...#.#
#.#.#).#
#...p.# .
#.######
...#.QC@..#
......p###.##
########
#..### #....#
#....# #....#
#....# #.#
###..# #.#
##.###.#


You could see an ettin, a hell knight and a tengu warrior.

Vanquished Creatures
  An orc warlord (Orc:4)
  Snorg (Lair:6)
  A fire dragon (Lair:8)
  A minotaur (Lab)
  An ogre mage (Orc:3)
  The ghost of chimenez the Basher, a powerful GrFi of Cheibriados (D:11)
  Harold (Lair:2)
  10 hydras
  3 centaur warriors
  A queen ant (Lair:7)
  4 orc high priests
  Sonja (D:10)
  A deep elf knight (D:15)
  9 hill giants
  8 orc knights
  3 orc sorcerers
  9 ugly things
  An oklob plant (Lair:1)
  A griffon (Lair:2)
  A wizard (D:13)
  2 black mambas
  12 elephants
  3 cyclopes
  2 gargoyles
  A guardian serpent (shapeshifter) (D:15)
  14 spiny frogs
  11 komodo dragons
  An efreet (D:12)
  A fire drake (shapeshifter) (D:14)
  A tengu conjurer (D:14)
  7 trolls
  2 fire drakes
  5 two-headed ogres
  A polar bear (shapeshifter) (D:14)
  9 polar bears (Lair:8)
  6 blink frogs
  Prince Ribbit (D:5)
  2 raiju (Lair:8)
  7 slime creatures
  A freezing wraith (D:14)
  49 yaks
  2 shadows
  5 humans (Lair:4)
  11 hippogriffs
  4 deep elf magi
  10 basilisks
  3 hungry ghosts
  10 vampire mosquitoes
  A wraith (D:11)
  16 wolves
  3 mottled dragons (Lair:8)
  12 wargs
  Edmund (D:5)
  2 insubstantial wisps (Lair:3)
  15 water moccasins
  A steam dragon (Lair:8)
  9 soldier ants
  A swamp drake (Lair:8)
  16 porcupines
  9 sky beasts
  A wasp (D:13)
  3 hell hounds (Lair:8)
  13 black bears
  21 centaurs
  6 ice beasts
  2 necrophages
  33 orc warriors
  5 phantoms
  22 crocodiles
  19 ogres
  A brain worm (D:8)
  4 big kobolds
  21 giant frogs
  A wyvern zombie (D:11)
  2 scorpions
  6 killer bees (D:9)
  The ghost of Leibowitz the Ducker, a weakling DsGl (D:3)
  3 wights
  12 crimson imps
  2 lava snakes (D:12)
  2 giant frog zombies
  2 jellies
  15 orc wizards
  24 orc priests
  Ijyb (Lair:4)
  3 giant frog skeletons
  16 iguanas
  A quasit (D:9)
  4 centaur zombies
  4 centaur skeletons
  26 hounds
  38 worker ants
  7 hell rats (Lair:5)
  2 killer bee zombies
  27 sheep
  2 hound zombies (D:8)
  4 hound skeletons
  A worker ant zombie (D:7)
  9 adders
  27 river rats
  8 shadow imps
  2 oozes (D:4)
  An adder skeleton (D:4)
  5 worms
  6 giant geckos
  153 orcs
  2 ball pythons (D:3)
  5 bats
  7 giant cockroaches
  14 hobgoblins
  5 quokkas
  2 giant gecko skeletons (D:4)
  A giant newt (D:2)
  10 goblins
  9 jackals
  27 kobolds
  A quokka skeleton (D:9)
  10 rats
  3 bushes (D:14)
  3 fungi
  A plant (Lair:6)
996 creatures vanquished.

Vanquished Creatures (others)
  A hungry ghost (D:14)
  A water moccasin (Lair:5)
  A giant frog (Lair:5)
  4 bushes (D:14)
  23 fungi
  16 plants
46 creatures vanquished.

Grand Total: 1042 creatures vanquished

Notes
Turn   | Place    | Note
--------------------------------------------------------------
     0 | D:1      | Leibowitz the Demonspawn Gladiator began the quest for the Orb.
     0 | D:1      | Reached XP level 1. HP: 16/16 MP: 1/1
   480 | D:1      | Reached skill level 3 in Axes
   487 | D:1      | Gained mutation: You have sharp fingernails. [demonic ancestry]
   487 | D:1      | Reached XP level 2. HP: 22/22 MP: 2/2
   962 | D:1      | Gained mutation: You are partially covered in sharp spines. [demonic ancestry]
   962 | D:1      | Reached XP level 3. HP: 27/27 MP: 3/3
  1087 | D:2      | Found a sparkling altar of Nemelex Xobeh.
  1127 | D:2      | Found a shimmering altar of Xom.
  1446 | D:3      | Noticed Leibowitz's ghost (weakling DsGl)
  1458 | D:3      | Killed Leibowitz's ghost
  1458 | D:3      | Reached skill level 1 in Armour
  1458 | D:3      | Gained mutation: You have very sharp fingernails. [demonic ancestry]
  1458 | D:3      | Reached XP level 4. HP: 14/34 MP: 4/4
  2082 | D:4      | Gained mutation: You are partially covered in rough black scales (AC +4, Dex -1). [demonic ancestry]
  2082 | D:4      | Reached XP level 5. HP: 40/40 MP: 5/5
  2099 | D:4      | Noticed an ogre
  2114 | D:4      | Killed an ogre
  2118 | D:4      | Reached skill level 4 in Axes
  2389 | D:4      | Reached XP level 6. HP: 47/47 MP: 6/6
  2466 | D:4      | Found a glowing drain.
  2492 | Sewer    | Entered a sewer
  2683 | Sewer    | Found a white marble altar of Elyvilon.
  2822 | D:4      | Found Ziurrussoy's General Store.
  2863 | D:4      | Found a white marble altar of Elyvilon.
  2866 | D:4      | Found a radiant altar of Vehumet.
  2911 | D:4      | Reached skill level 1 in Stealth
  3037 | D:4      | Found a stormy altar of Qazlal.
  3039 | D:4      | Found a glowing silver altar of Zin.
  3039 | D:4      | Found an opulent altar of Gozag.
  3052 | D:4      | Found a bloodstained altar of Trog.
  3063 | D:4      | Became a worshipper of Trog the Wrathful
  3069 | D:4      | Found a basalt altar of Yredelemnul.
  3186 | D:5      | Entered Level 5 of the Dungeon
  3215 | D:5      | Gained mutation: You are mostly covered in rough black scales (AC +7, Dex -2). [demonic ancestry]
  3215 | D:5      | Reached XP level 7. HP: 51/53 MP: 7/7
  3296 | D:5      | Reached skill level 5 in Dodging
  3410 | D:5      | Found a sacrificial altar of Ru.
  3410 | D:5      | Found an ancient bone altar of Kikubaaqudgha.
  3781 | D:5      | Gained mutation: Your flesh is heat resistant. [potion of mutation]
  3781 | D:5      | Gained mutation: You expend magic power (3 MP) to strengthen your wands. [potion of mutation]
  3781 | D:5      | Gained mutation: You are occasionally teleported to nearby monsters. [potion of mutation]
  3841 | D:5      | Gained mutation: You are robust (+10% HP). [potion of beneficial mutation]
  3852 | D:5      | Noticed Edmund
  3862 | D:5      | Killed Edmund
  3891 | D:5      | Noticed Prince Ribbit
  3924 | D:5      | Gained mutation: You are slightly more attuned to the shadows. [demonic ancestry]
  3924 | D:5      | Reached XP level 8. HP: 55/67 MP: 8/8
  4171 | D:5      | Reached skill level 5 in Axes
  4304 | D:5      | Killed Prince Ribbit
  4304 | D:5      | Reached skill level 5 in Fighting
  4480 | D:6      | Reached skill level 6 in Dodging
  4489 | D:6      | Found a sparkling altar of Nemelex Xobeh.
  4640 | D:6      | Found a sacrificial altar of Ru.
  4686 | D:6      | Found a staircase to the Ecumenical Temple.
  4894 | D:6      | Gained mutation: You are mostly covered in sharp spines. [demonic ancestry]
  4894 | D:6      | Reached XP level 9. HP: 74/74 MP: 5/9
  5160 | D:6      | Reached skill level 1 in Evocations
  5417 | D:7      | Acquired Trog's first power
  5796 | D:7      | Noticed a hill giant
  5806 | D:7      | Killed a hill giant
  5806 | D:7      | Reached skill level 5 in Armour
  5806 | D:7      | Reached skill level 7 in Dodging
  6241 | D:8      | Gained mutation: You are significantly more attuned to the shadows. [demonic ancestry]
  6241 | D:8      | Reached XP level 10. HP: 76/84 MP: 11/11
  6504 | D:8      | Reached skill level 5 in Stealth
  6525 | D:8      | Acquired Trog's second power
  6574 | D:8      | Got an iridescent spear
  6575 | D:8      | Identified the cursed +2 spear "Boinafy" {freeze, Str+3} (You took it off a kobold on level 8 of the Dungeon)
  7238 | D:9      | Got a smoking robe
  7249 | D:9      | Identified the +2 robe of Juubidusy {+Blink MR+} (You found it on level 9 of the Dungeon)
  7343 | D:9      | Found a shadowy altar of Dithmenos.
  7475 | D:9      | Found Oduic's Distillery.
  7567 | D:9      | Found a shattered altar of Ashenzari.
  7591 | D:9      | Reached skill level 8 in Dodging
  7991 | D:9      | Got a transparent mace
  7992 | D:9      | Identified the +5 mace of Verphuinn {crush, +Rage rPois MR+ Dex-5} (You found it on level 9 of the Dungeon)
  8255 | D:10     | Entered Level 10 of the Dungeon
  8258 | D:10     | Noticed Sonja
  8345 | D:10     | Found a staircase to the Lair.
  8384 | D:10     | Gained mutation: You are completely covered in sharp spines. [demonic ancestry]
  8384 | D:10     | Reached XP level 11. HP: 59/92 MP: 12/12
  8537 | D:10     | Acquired Trog's third power
  8540 | D:10     | Received a gift from Trog
  8592 | D:10     | Killed Sonja
  8900 | D:10     | Noticed a white ugly thing
  8902 | D:10     | Reached skill level 9 in Dodging
  8909 | D:10     | Killed a white ugly thing
  9258 | Lair:1   | Entered Level 1 of the Lair of Beasts
  9634 | Lair:1   | Found a shimmering altar of Xom.
 10241 | Lair:2   | Gained mutation: You have claws for hands. [demonic ancestry]
 10241 | Lair:2   | Reached XP level 12. HP: 71/103 MP: 13/13
 10486 | Lair:2   | Noticed Harold
 10512 | Lair:2   | Killed Harold
 10798 | Lair:2   | Reached skill level 1 in Unarmed Combat
 11536 | Lair:3   | Noticed an eight-headed hydra
 11543 | Lair:3   | Killed an eight-headed hydra
 11578 | Lair:3   | Got a blackened chain mail
 11589 | Lair:3   | Identified the cursed +0 chain mail of Peramn {Int+5} (You found it on level 3 of the Lair of Beasts)
 11629 | Lair:3   | Reached skill level 10 in Axes
 12685 | Lair:4   | Noticed Ijyb
 12689 | Lair:4   | Killed Ijyb
 12691 | Lair:4   | Reached skill level 10 in Dodging
 13419 | Lair:5   | Found a labyrinth entrance.
 13431 | Lab      | Entered a labyrinth
 13474 | Lab      | Noticed a minotaur
 13484 | Lab      | Killed a minotaur
 13495 | Lab      | Got a translucent platinum ring
 13498 | Lab      | Identified the Catalogue of Execration and Conjuration
 13522 | Lab      | Identified the Grimoire of Shifting Boosts
 13529 | Lab      | Received a gift from Trog
 13608 | Lab      | Identified the ring "Puec" {+Fly rElec rN+ MR+ Str-3} (You found it in a labyrinth)
 13818 | Lair:5   | Noticed a five-headed hydra
 13842 | Lair:5   | Killed a five-headed hydra
 13842 | Lair:5   | Gained mutation: You are completely covered in rough black scales (AC +10, Dex -3). [demonic ancestry]
 13842 | Lair:5   | Reached XP level 13. HP: 25/113 MP: 4/14
 14300 | Lair:5   | Reached skill level 10 in Fighting
 14878 | Lair:5   | Got a steaming ring mail
 14889 | Lair:5   | Identified the cursed +1 ring mail of Lifelessness {rElec rF- Int+7} (You found it on level 5 of the Lair of Beasts)
 15146 | Lair:6   | Found a staircase to the Snake Pit.
 15171 | Lair:6   | Found a staircase to the Swamp.
 15175 | Lair:6   | Noticed Snorg
 15455 | Lair:6   | Reached skill level 10 in Stealth
 15707 | Lair:6   | Killed Snorg
 15834 | Lair:6   | Received a gift from Trog
 16199 | Lair:6   | Reached skill level 11 in Axes
 16369 | Lair:6   | Received a gift from Trog
 17612 | Lair:8   | Entered Level 8 of the Lair of Beasts
 17921 | Lair:8   | Gained mutation: You resist negative energy. [demonic ancestry]
 17921 | Lair:8   | Reached XP level 14. HP: 106/122 MP: 15/15
 17976 | Lair:8   | Received a gift from Trog
 18286 | Lair:8   | Found a viscous altar of Jiyva.
 18287 | Lair:8   | Found a staircase to the Slime Pits.
 19236 | Lair:8   | Reached skill level 12 in Axes
 19281 | Lair:8   | Received a gift from Trog
 20453 | D:11     | Noticed chimenez's ghost (powerful GrFi)
 20476 | D:11     | Killed chimenez's ghost
 21297 | D:12     | Found a staircase to the Orcish Mines.
 22032 | Orc:1    | Entered Level 1 of the Orcish Mines
 22182 | Orc:1    | Received a gift from Trog
 22885 | Orc:3    | Received a gift from Trog
 23351 | Orc:3    | Reached skill level 13 in Axes
 23824 | Orc:2    | Received a gift from Trog
 24426 | Orc:4    | Entered Level 4 of the Orcish Mines
 24436 | Orc:4    | Received a gift from Trog
 24514 | Orc:4    | Reached XP level 15. HP: 99/132 MP: 16/16
 24520 | Orc:4    | Found a staircase to the Elven Halls.
 24682 | Orc:4    | Found Hecaukap's General Store.
 24688 | Orc:4    | Reached skill level 1 in Maces & Flails
 24762 | Orc:4    | Found Ceepes's Antique Armour Shoppe.
 24931 | Orc:4    | Noticed an orc warlord
 24938 | Orc:4    | Killed an orc warlord
 25104 | Orc:4    | Found Zummoroaqo's Antique Weapon Shoppe.
 25242 | Orc:4    | Found Urithrih's Book Boutique.
 25274 | Orc:4    | Found Juagizi's Antique Armour Emporium.
 26020 | D:13     | Received a gift from Trog
 26352 | D:13     | Found a gate to the Vaults.
 26738 | D:13     | Received a gift from Trog
 27261 | D:14     | Reached skill level 14 in Axes
 28158 | D:15     | Entered Level 15 of the Dungeon
 28259 | D:15     | Found a staircase to the Depths.
 28280 | D:15     | Slain by an ettin

Vault maps used:
D:1:      dpeg_arrival_rhombus, minmay_misc_feat_rows
D:2:      xom_butterflies, first_bread, nemelex_altar_shiori
D:3:      minivault_4
D:4:      minmay_overflow_temple_star_hex, nicolae_overflow_hidden_temple,
          gup_sewer_entry_glass, serial_shops, shop
D:5:      gammafunk_temple_overflow_wave, uniq_edmund, uniq_prince_ribbit1
D:6:      lemuel_crystal_altar, nicolae_ru_awakened_eye
D:7:      minmay_opposing_rooms
D:8:      hangedman_pestilent_swarm
D:9:      grunt_dithmenos_smoke, kennysheep_little_box, serial_shops, shop,
          spider_trap
D:10:     minmay_lair_entry_grove, uniq_sonja
D:13:     david_vaults_1
D:14:     serial_park_square3, serial_bayou_pond_c, lemuel_flamethrower_2
D:15:     hangedman_depths_entry_civil_slaughter, okawaru_ov_weapons_minmay
Lair:1:   lemuel_oklob_altar, grunt_megastairs_3
Lair:2:   serial_bayou_crossing, uniq_harold
Lair:3:   pond, lemuel_fruit_fields
Lair:4:   erik_1, guppyfry_lair_drakes
Lair:5:   lab_entry_generic, serial_bayou_pond_d, minivault_27,
          serial_bayou_pond_a, lemuel_old_faithful
Lair:6:   minmay_swamp_entry_swarm, dummy_snake_entry, serial_forest,
          infiniplex_forest_straight_2, infiniplex_forest_clump_large,
          infiniplex_forest_clump_double, infiniplex_forest_straight_3,
          infiniplex_forest_clump_tiny, infiniplex_forest_clump_curved,
          beast_lair_carwin_9, lemuel_fruit_fields, uniq_snorg
Lair:7:   zaba_antful_of_joy
Lair:8:   hangedman_lair_caniforms_friends, guppyfry_lair_end_dragon,
          dpeg_slime_entry_enclosed_altar, grunt_megastairs_2
Orc:3:    nicolae_orc_accident_1, nicolae_orc_pool_cavern, mines4_lemuel
Orc:4:    grunt_orc_gardens, grunt_orc_garden, grunt_orc_garden,
          grunt_orc_garden, grunt_orc_garden, serial_shops, shop
Lab:      nicolae_lab_dead_adventurers, nicolae_lab_starburst, lab_fountain
Sewer:    sewer_kobolds

Action                   |  1- 3 |  4- 6 |  7- 9 | 10-12 | 13-15 || total
-------------------------+-------+-------+-------+-------+-------++-------
Melee: War axe           |    92 |   109 |   195 |   456 |   543 ||  1395
       Mace              |       |       |       |     7 |    35 ||    42
       Battleaxe         |       |       |       |       |    62 ||    62
       Broad axe         |       |       |       |       |   267 ||   267
       Executioner's axe |       |       |       |       |    16 ||    16
       Dire flail        |       |       |       |       |   117 ||   117
 Fire: Blowgun           |       |       |       |     3 |       ||     3
Throw: Throwing net      |       |       |     3 |     2 |       ||     5
Invok: Burn Spellbooks   |       |       |       |     2 |     1 ||     3
       Berserk           |       |       |       |       |     4 ||     4
       Trog's Hand       |       |       |       |       |     2 ||     2
Evoke: Wand              |       |       |     7 |    18 |     1 ||    26
  Use: Scroll            |       |     4 |     8 |    10 |     6 ||    28
       Potion            |       |     5 |     5 |     3 |     3 ||    16
 Stab: Sleeping          |       |     1 |    10 |    59 |    73 ||   143
       Distracted        |       |       |       |     3 |    13 ||    16
       Paralysed         |       |       |       |     3 |       ||     3
       Held in net/web   |       |       |       |     1 |       ||     1
  Eat: Chunk             |     2 |     5 |    12 |    25 |    51 ||    95
       Beef jerky        |       |       |       |       |     1 ||     1
